AoeStats
← komutan logar

Arena

508285699Analyzed
4v4 RM · 12d ago on Sep 21, 2026· 41m 53s· 8 players
Game mode
Random Map
Map size
Large (8 player)
Population
200
Speed
Normal
Resources
Standard
Victory
Conquest
Starting age
Dark Age
Ending age
Imperial Age
RankedLock teamsTeams togetherTeam positionsShared explorationLock speedFull tech treeHidden civsTurbo modeCheats
Victory
Defeat
🇹🇷 Slavs · Türkiye
1303
+13
🇹🇷 Lithuanians · Türkiye
1225
+16
🇸🇰 Burgundians · Slovakia
1220
+16
🇺🇦 Gurjaras · Ukraine
1172
+19
🇪🇬 Bohemians · Egypt
1268
-17
🇬🇧 Vietnamese · United Kingdom
1251
-17
🇺🇸 Jurchens · United States
1223
-16
1174
-14
Vodilaa
9:22 Double-Bit Axe
11:29 Feudal Age
10:10 Horse Collar
11:00 Horse Collar
16:38 Castle Age
14:56 Bow Saw
16:07 Heavy Plow
20:38 Gold Mining
22:12 Gold Shaft Mining
22:53 Forging
23:23 Husbandry
23:32 Cavalier
26:31 Two-Man Saw
31:09 Imperial Age
31:36 Imperial Age
29:42 Wheelbarrow
29:15 Scale Barding Armor
29:11 Scale Mail Armor
29:48 Iron Casting
30:18 Crop Rotation
30:47 Hand Cart
31:32 Chain Barding Armor
32:24 Burgundian Vineyards
32:40 Conscription
33:58 Plate Barding Armor
34:28 Chemistry
34:30 Blast Furnace
34:02 Scale Mail Armor
34:04 Squires
33:39 Paladin
35:04 Padded Archer Armor
35:54 Padded Archer Armor
36:07 Stone Mining
38:38 Chain Mail Armor
43:02 Plate Mail Armor
insomnia
10:38 Feudal Age
14:40 Castle Age
12:33 Double-Bit Axe
12:44 Horse Collar
14:19 Gold Mining
17:10 Bow Saw
18:40 Loom
21:23 Heavy Plow
22:15 Wheelbarrow
22:06 Pikeman
22:47 Squires
22:49 Scale Mail Armor
25:54 Gold Shaft Mining
28:46 Imperial Age
26:32 Hand Cart
27:04 Forging
27:09 Chain Mail Armor
28:40 Iron Casting
27:26 Man-at-Arms
27:59 Fletching
28:50 Town Watch
28:35 Long Swordsman
30:16 Plate Mail Armor
29:08 Halberdier
29:49 Stone Mining
29:36 Two-Handed Swordsman
29:41 Capped Ram
31:09 Champion
34:21 Blast Furnace
33:23 Siege Ram
34:35 Siege Engineers
34:42 Masonry
35:37 Chemistry
39:21 Fletching
42:24 Two-Man Saw
41:25 Town Patrol
41:57 Crop Rotation
41:56 Conscription
41:36 Detinets
41:37 Druzhina
40:58 Elite Boyar
only_mousee
7:13 Loom
9:13 Feudal Age
12:53 Castle Age
23:59 Double-Bit Axe
23:55 Horse Collar
25:45 Bow Saw
27:30 Heavy Plow
30:52 Fortified Wall
35:10 Wheelbarrow
34:20 Town Watch
35:03 Forging
34:54 Scale Mail Armor
35:21 Fletching
35:33 Padded Archer Armor
35:39 Scale Barding Armor
38:36 Imperial Age
38:40 Hand Cart
38:25 Town Patrol
39:30 Iron Casting
39:10 Chain Mail Armor
39:05 Kshatriyas
38:43 Treadmill Crane
38:59 Murder Holes
39:41 Ballistics
40:44 Crop Rotation
40:21 Arson
40:33 Bodkin Arrow
40:53 Leather Archer Armor
40:59 Chain Barding Armor
41:42 Chemistry
40:53 Masonry
40:43 Gold Mining
40:43 Stone Mining
42:26 Gold Shaft Mining
42:26 Plate Mail Armor
41:57 Bracer
42:34 Stone Shaft Mining
42:22 Conscription
42:38 Hoardings
41:26 Elite Chakram Thrower
komutan logar
11:17 Feudal Age
12:21 Double-Bit Axe
15:19 Castle Age
13:25 Horse Collar
19:48 Heavy Plow
22:41 Wheelbarrow
23:48 Bow Saw
24:40 Hand Cart
24:57 Gold Mining
26:06 Stone Mining
30:02 Imperial Age
27:18 Loom
27:59 Forging
28:28 Husbandry
29:03 Bloodlines
29:41 Iron Casting
29:56 Scale Barding Armor
29:27 Light Cavalry
31:03 Town Watch
31:54 Crop Rotation
31:02 Cavalier
32:25 Conscription
32:00 Fletching
33:06 Chain Barding Armor
34:24 Stone Shaft Mining
34:06 Winged Hussar
35:14 Town Patrol
37:29 Plate Barding Armor
37:59 Chemistry
36:40 Treadmill Crane
41:18 Two-Man Saw
40:05 Paladin
Rincewind
10:22 Feudal Age
15:34 Castle Age
15:25 Double-Bit Axe
15:23 Horse Collar
17:23 Bow Saw
17:15 Heavy Plow
17:52 Wheelbarrow
22:11 Hand Cart
22:59 Stone Mining
24:03 Forging
23:54 Scale Mail Armor
24:04 Fletching
25:17 Padded Archer Armor
25:37 Elite Skirmisher
25:39 Pikeman
26:22 Squires
27:10 Ballistics
27:22 Gold Mining
27:04 Pikeman
28:08 Thumb Ring
32:28 Imperial Age
30:53 Iron Casting
31:06 Arson
33:15 Elite Fire Lancer
35:20 Two-Man Saw
34:17 Bodkin Arrow
34:38 Leather Archer Armor
34:38 Chain Mail Armor
37:29 Halberdier
Sleepy the sexy saxon sheppard
3:48 Loom
11:27 Feudal Age
11:50 Horse Collar
11:56 Double-Bit Axe
12:09 Arson
16:55 Loom
19:12 Castle Age
20:04 Pikeman
20:46 Squires
26:17 Forging
28:09 Wheelbarrow
27:33 Stone Mining
29:51 Gold Mining
30:13 Scale Mail Armor
30:36 Bow Saw
30:57 Loom
33:42 Imperial Age
31:35 Hand Cart
31:10 Loom
32:13 Stone Shaft Mining
32:43 Fortified Wall
33:38 Heavy Plow
34:13 Fletching
34:39 Chain Mail Armor
34:26 Town Watch
35:00 Masonry
34:15 Halberdier
35:32 Iron Casting
35:42 Ballistics
36:31 Plate Mail Armor
36:55 Ironclad
36:57 Conscription
39:46 Crenellations
39:48 Bodkin Arrow
40:58 Hoardings
41:21 Onager
43:28 Chemistry
Sephiroth
11:36 Feudal Age
12:29 Horse Collar
15:21 Castle Age
13:20 Double-Bit Axe
15:28 Loom
18:04 Fletching
20:15 Bodkin Arrow
21:08 Bodkin Arrow
24:41 Heavy Plow
24:54 Bow Saw
31:31 Wheelbarrow
32:14 Wheelbarrow
34:24 Hand Cart
35:21 Fortified Wall
35:18 Treadmill Crane
37:13 Fervor
39:48 Imperial Age
BrianBoru
10:55 Feudal Age
14:54 Castle Age
13:59 Double-Bit Axe
24:00 Wheelbarrow
24:55 Bow Saw
24:27 Horse Collar
25:47 Hand Cart
30:04 Imperial Age
27:21 Loom
28:26 Siege Engineers
28:28 Heavy Plow
28:27 Gold Mining
28:31 Stone Mining
30:49 Bloodlines
30:40 Husbandry
30:46 Scale Barding Armor
30:52 Forging
30:51 Elite Fire Lancer
31:32 Squires
31:33 Scale Mail Armor
32:17 Squires
32:07 Gambesons
33:01 Iron Casting
32:19 Light Cavalry
33:20 Chain Barding Armor
33:49 Gold Shaft Mining
33:51 Chain Mail Armor
34:11 Conscription
35:40 Blast Furnace
38:50 Padded Archer Armor
38:41 Fletching
Connection lost

Rejoining the realm…

Still unreachable

The connection could not be restored.

Session expired

The server has moved on; the page needs a fresh start.